 Dungeon Crawl Stone Soup version 0.19-a0-1261-g420a265 (webtiles) character file.

1601 IcyTea the Carver (level 9, 0/57 HPs)
             Began as a Formicid Fighter on Aug 29, 2016.
             Was a Follower of Hepliaklqana.
             Slain by a jelly (1 damage)
             ... on level 7 of the Dungeon.
             The game lasted 00:29:29 (5406 turns).

IcyTea the Carver (Formicid Fighter)                Turns: 5406, Time: 00:29:29

Health: 0/57       AC:  4    Str: 21    XL:     9   Next: 16%
Magic:  0/9        EV:  9    Int:  8    God:    Hepliaklqana [*.....]
Gold:   339        SH:  0    Dex: 13    Spells: 0 memorised, 8 levels left

rFire  . . .     SeeInvis +     n - +1 short sword (drain)
rCold  + . .     Gourm    .     i - +2 ring mail {MR+}
rNeg   . . .     Faith    .     c - +0 shield
rPois  .         Spirit   +     (helmet unavailable)
rElec  .         Dismiss  .     e - +0 cloak
rCorr  .         Reflect  .     (no gloves)
MR     +....     Harm     .     (no boots)
Stlth  ..........               q - amulet of guardian spirit
                                (no ring)
                                o - ring of protection from cold

@: confused, corroded, drained
A: permanent stasis, dig shafts and tunnels, four strong arms, antennae 3,
hooves 1
a: Dig, Shaft Self, Recall Ancestor, Ancestor Identity, Renounce Religion


You were on level 7 of the Dungeon.
You worshipped Hepliaklqana.
Hepliaklqana was aware of your devotion.
You were not hungry.

You visited 2 branches of the dungeon, and saw 8 of its levels.

You collected 339 gold pieces.

Inventory:

Hand Weapons
 a - a +1 long sword
 g - a +0 dagger of venom
 n - a +1 short sword of draining (weapon)
Missiles
 k - 5 javelins (quivered)
 l - 2 tomahawks
Armour
 c - a +0 shield (worn)
 e - a +0 cloak (worn)
 i - a +2 ring mail of magic resistance (worn)
Jewellery
 o - a ring of protection from cold (left hand)
 q - an amulet of guardian spirit (around neck)
Wands
 x - a wand of lightning (6/15)
Scrolls
 b - 2 scrolls of immolation
 d - a scroll of identify
 j - 3 scrolls of remove curse
 m - a scroll of fog
 r - a scroll of recharging
Potions
 p - a potion of cure mutation
 u - a potion of agility
Comestibles
 f - 4 bread rations
 h - 5 meat rations
 s - 2 beef jerkies
 v - a royal jelly


   Skills:
 - Level 3.2(2.8) Fighting
 - Level 10.0(9.5) Long Blades
 - Level 3.2(2.8) Armour
 + Level 6.7(6.2) Shields


You had 8 spell levels left.
You didn't know any spells.

Dungeon Overview and Level Annotations

Branches:
Dungeon (7/15)             Temple (1/1) D:6

Altars:
Ashenzari
Cheibriados
Dithmenos
Elyvilon
Fedhas
Gozag
Hepliaklqana
Kikubaaqudgha
Makhleb
Nemelex Xobeh
Okawaru
Qazlal
Ru
Sif Muna
Trog
Uskayaw
Vehumet
Xom
Yredelemnul
Zin
The Shining One

Shops:
D:6 [

Annotations:
D:7 Shredu92's ghost, novice HuCj


Innate Abilities, Weirdness & Mutations

You are under a permanent stasis effect.
You can dig through walls and to a lower floor.
Your four strong arms can wield two-handed weapons with a shield.
You have a pair of large antennae on your head. (SInv)
You have large cloven feet.


Message History

You closely miss Shredu92's ghost.
You kick Shredu92's ghost, but do no damage.
Shredu92's ghost is moderately damaged.
Shredu92's ghost gestures at you while chanting.
The spray of energy hits you!
* * * LOW HITPOINT WARNING * * *
You are confused.
The jelly hits you but does no damage.
You bump into the rock wall.
Shredu92's ghost points at you and mumbles some strange words.
The spray of energy hits you!
* * * LOW HITPOINT WARNING * * *
You are more confused.
The jelly closely misses you.
Okay, then.
You bump into the rock wall.
Shredu92's ghost gestures at you while chanting.
The spray of energy misses you.
The spray of energy hits Tiruin.
The jelly hits you.
You die...

#....#.##### #.#
###....#.#...#######.###
..)......................
.#####....#†#.######.....
#.#..#.#.# #.+.....
#....#.#.####.#.....
###.##.#.##.........
#R##.#.##....)>...
#@##.#.##......#+#
#WJ..#.#####.#.# . ####
#O#### #. .# .####.. ...
#. .# ...##.# #.. #. ..
##.##.# #... #. ..
......# #.%. #. ...
.#O..W# ...## .####{#


You could see the friendly Tiruin the ancestor, an ogre, a jelly and Shredu92's
ghost.

Vanquished Creatures
  2 ice beasts
  A sky beast (D:5)
  3 centaurs
  A giant frog (D:6)
  2 scorpions (D:5)
  A centaur zombie (D:5)
  4 hounds
  A jelly (D:5)
  2 orc priests
  6 orc wizards
  2 worker ants
  A hound zombie (D:5)
  7 gnolls
  A river rat (D:5)
  9 adders
  An ooze (D:4)
  An adder zombie (D:5)
  An adder skeleton (D:4)
  A dart slug (D:1)
  3 giant geckos
  18 orcs
  10 giant cockroaches
  11 goblins
  4 hobgoblins
  9 jackals (D:3)
  5 kobolds
  2 quokkas
  4 ball pythons
  9 bats
  3 giant newts
  A jackal skeleton (D:4)
  9 rats
135 creatures vanquished.

Vanquished Creatures (collateral kills)
  An ogre (D:6)
  A hound (D:7)
  A jelly (D:5)
  A worker ant (D:6)
  A worm (D:5)
  An orc (D:7)
6 creatures vanquished.

Vanquished Creatures (others)
  An ancestor (D:7)
1 creature vanquished.

Grand Total: 142 creatures vanquished

Notes
Turn   | Place    | Note
-------+----------+-------------------------------------------
     0 | D:1      | IcyTea the Formicid Fighter began the quest for the Orb.
     0 | D:1      | Reached XP level 1. HP: 18/18 MP: 1/1
   133 | D:1      | Reached XP level 2. HP: 19/24 MP: 2/2
   349 | D:1      | Reached skill level 3 in Long Blades
   496 | D:1      | Reached XP level 3. HP: 26/29 MP: 3/3
  1286 | D:3      | Reached skill level 4 in Long Blades
  1286 | D:3      | Reached XP level 4. HP: 35/35 MP: 4/4
  2000 | D:3      | Reached XP level 5. HP: 29/41 MP: 5/5
  2074 | D:3      | Reached skill level 5 in Long Blades
  2579 | D:4      | Reached XP level 6. HP: 44/47 MP: 6/6
  2597 | D:4      | Found an opulent altar of Gozag.
  2601 | D:4      | Reached skill level 6 in Long Blades
  3098 | D:4      | Reached XP level 7. HP: 52/52 MP: 7/7
  3114 | D:4      | Found a glowing golden altar of the Shining One.
  3132 | D:4      | Found a glowing silver altar of Zin.
  3150 | D:4      | Found a bloodstained altar of Trog.
  3163 | D:4      | Reached skill level 7 in Long Blades
  3349 | D:5      | Entered Level 5 of the Dungeon
  3513 | D:5      | Reached skill level 8 in Long Blades
  3603 | D:5      | Reached XP level 8. HP: 25/58 MP: 8/8
  3904 | D:5      | Reached skill level 9 in Long Blades
  4157 | D:5      | Found a hazy altar of Hepliaklqana.
  4174 | D:5      | Became a worshipper of Hepliaklqana
  4606 | D:6      | Found an opulent altar of Gozag.
  4611 | D:6      | Reached skill level 10 in Long Blades
  4664 | D:6      | Found Boosch's Antique Armour Shop.
  4768 | D:6      | Found a staircase to the Ecumenical Temple.
  4789 | Temple   | Entered the Ecumenical Temple
  5118 | D:6      | Reached skill level 5 in Shields
  5118 | D:6      | Reached XP level 9. HP: 34/57 MP: 7/9
  5216 | D:7      | Reached * piety under Hepliaklqana
  5218 | D:7      | Noticed Shredu92's ghost (novice HuCj)
  5383 | D:7      | Gained mutation: You have large cloven feet. [potion of beneficial mutation]
  5405 | D:7      | HP: 1/57 [Shredu92's ghost/spray of energy (15)]
  5406 | D:7      | Slain by a jelly

Vault maps used:
D:1:      dpeg_arrival_subterranean_lakeside_camping, minmay_pentomino_v4
D:4:      nicolae_overflow_hidden_temple, nicolae_overflow_crystal_walls,
          grunt_temple_overflow_open, first_bread, kennysheep_nondescript
D:5:      lemuel_round_altar, portal_sewer_entry_e, minmay_small_thing
D:6:      serial_shops, shop, nicolae_gozag_seed_capital
D:7:      the_bakery, minivault_22
Temple:   compressed_dpeg_circular_temple

Skill      XL: |  1  2  3  4  5  6  7  8  9 |
---------------+----------------------------+-----
Long Blades    | 3 4 5 6 8 10 | 10.0
Shields        | 5 6 |  6.7
Fighting       | |  3.2
Armour         | |  3.2

Action                   |  1- 3 |  4- 6 |  7- 9 || total
-------------------------+-------+-------+-------++-------
Melee: Long sword        |   133 |       |       ||   133
       Short sword       |     6 |   211 |   261 ||   478
       Dagger            |       |       |     1 ||     1
       Kick              |       |       |     5 ||     5
Invok: Ancestor Identity |       |       |     1 ||     1
  Use: Potion            |     8 |       |     6 ||    14
       Scroll            |     7 |     1 |     4 ||    12
 Stab: Distracted        |       |       |     3 ||     3
  Eat: Chunk             |     1 |     6 |     7 ||    14
       Pizza             |       |       |     1 ||     1
Armor: Ring mail         |    45 |    72 |    83 ||   200
Dodge: Dodged            |    41 |    53 |    66 ||   160
Block: Shield            |    57 |    80 |   115 ||   252
